 Dungeon Crawl Stone Soup version 0.26-a0-712-ga5a9c9c9d0 (webtiles) character file.

Game seed: 816896908436694434

2447 kae the Grappler (level 9, -10/75 HPs)
             Began as a Troll Transmuter on Nov 11, 2020.
             Was an Initiate of Ru.
             Mangled by Prince Ribbit (12 damage)
             ... on level 6 of the Dungeon.
             The game lasted 00:04:22 (5071 turns).

kae the Grappler (Troll Transmuter)                 Turns: 5071, Time: 00:04:22

Health: -10/75     AC:  7    Str: 22 (23) XL:     9   Next: 25%
Magic:  9/9        EV: 11    Int:  6 (9)  God:    Ru [......]
Gold:   332        SH:  0    Dex:  7 (10) Spells: 9/10 levels left

rFire    . . .     SeeInvis +     - Unarmed
rCold    . . .     Faith    .   (no shield)
rNeg     . . .     Spirit   .   a - +1 robe
rPois    .         Reflect  .   (helmet restricted)
rElec    .         Harm     .   (no cloak)
rCorr    .         Rampage  .   (gloves unavailable)
MR       +....                  (boots unavailable)
Stlth    +.........             (no amulet)
HPRegen  0.62/turn              e - ring of see invisible
MPRegen  0.11/turn              o - ring of protection from magic

@: mighty, lightly drained
A: large, unfitting armour, claws 3, regeneration 1, shaggy fur 1, tough skin 3
a: Renounce Religion


You were on level 6 of the Dungeon.
You worshipped Ru.
Ru was noncommittal.
You visited 1 branch of the dungeon, and saw 7 of its levels.

You collected 332 gold pieces.

Inventory:

Armour
 a - a +1 robe (worn)
Jewellery
 e - a ring of see invisible (left claw)
 j - a +6 ring of dexterity {unknown}
 o - a ring of protection from magic (right claw)
Wands
 k - a wand of paralysis (6)
 l - a wand of random effects (37)
Scrolls
 b - 10 scrolls of identify
 i - a scroll of teleportation
 q - a scroll of enchant armour
 s - a scroll of remove curse
Potions
 d - a potion of stabbing
 g - a potion of resistance
 h - a potion of invisibility
 m - a potion of haste
 p - a potion of berserk rage


   Skills:
 - Level 0.7(0.2) Fighting
 + Level 4.7(4.2) Dodging
 * Level 9.7(9.1) Unarmed Combat
 - Level 1.2(0.7) Spellcasting
 + Level 5.0(4.5) Transmutations


You had 9 spell levels left.
You knew the following spells:

 Your Spells              Type           Power        Failure   Level
a - Beastly Appendage     Tmut           #.....       8%          1

Your spell library contained the following spells:

 Spells                   Type           Power        Failure   Level
 Wereblood                Tmut           #.......     11%         2
 Spider Form              Tmut/Pois      #.........   50%         3
 Ice Form                 Ice/Tmut       #.......     88%         4
 Blade Hands              Tmut           #.........   90%         5


Dungeon Overview and Level Annotations

Branches:
Dungeon (7/15)             Temple (0/1) D:4

Altars:
Cheibriados
Dithmenos
Ru
Sif Muna
Uskayaw
Yredelemnul

Shops:
D:5 [

Annotations:
D:6 1 runed translucent door, exclusion: door, Crazy Yiuf, Prince Ribbit
D:7 Dowan, Duvessa


Innate Abilities, Weirdness & Mutations

You are too large for most types of armour.
You have claws for hands.
Your natural rate of healing is unusually fast.
You are covered in fur. (AC +1)
You have extremely tough skin. (AC +3)


Message History

Prince Ribbit barely misses you. Prince Ribbit hits you!
* * * LOW HITPOINT WARNING * * *
Okay, then.
It was a potion of degeneration.
There was something very wrong with that liquid.
You feel weakened.
You feel dopey.
You feel clumsy. Prince Ribbit hits you.
* * * LOW HITPOINT WARNING * * *
Evoke which item? (* to show all) (? for menu, Esc to quit)
Okay, then.
Okay, then.
Okay, then.
It was a potion of might.
You feel very mighty all of a sudden. Prince Ribbit closely misses you.
You closely miss Prince Ribbit.
Prince Ribbit is moderately wounded.
Prince Ribbit hits you but does no damage.
Prince Ribbit hits you!
You die...

....# #.#.# ###### #...### #...#
#....# #.....######..# #....#
#.#......# #..# #....# #.#......#
#..# #..[.# #.#......# #..#
#....# #.+......# #..# #....#
###......# #†.########....####
#......# #.>[F@....'....'..#
#......# ###########....##.#
#......# #............##.#
######## #...........###.#
#...........# #.# ##
######...........# #.# #.
#.oo##.......>...###.###.
#########≈≈≈###########..........
.......##...# #.......###.##.#


You could see Prince Ribbit.

Vanquished Creatures
  Pikel (D:4)
  Sigmund (D:4)
  2 ice beasts (D:6)
  An orc warrior (D:7)
  An ogre (D:6)
  A sky beast (D:6)
  A phantom (D:5)
  Blork the orc (D:5)
  2 bullfrogs
  2 scorpions
  A wight (D:6)
  A howler monkey (D:5)
  2 bullfrog zombies (D:6)
  3 hounds
  An orc priest (D:7)
  2 centaur skeletons
  A bullfrog skeleton (D:5)
  2 iguanas
  7 orc wizards
  8 worker ants
  A hound skeleton (D:6)
  Robin (D:4)
  11 adders
  An ufetubus (D:6)
  A worm (D:2)
  An adder skeleton (D:5)
  3 dart slugs
  3 leopard geckos
  18 orcs
  3 ball pythons
  2 bat zombies (D:1)
  2 giant cockroaches
  11 hobgoblins
  7 jackals
  4 quokkas
  6 bats
  8 frilled lizards
  12 goblins
  4 kobolds
  A quokka skeleton (D:5)
  6 rats
147 creatures vanquished.

Notes
Turn   | Place    | Note
-------+----------+-------------------------------------------
     0 | D:1      | kae the Troll Transmuter began the quest for the Orb.
     0 | D:1      | Reached XP level 1. HP: 18/18 MP: 1/1
    56 | D:1      | Reached XP level 2. HP: 24/26 MP: 2/2
   771 | D:2      | Reached XP level 3. HP: 24/32 MP: 3/3
   861 | D:2      | Reached skill level 4 in Unarmed Combat
   919 | D:2      | Found a sacrificial altar of Ru.
   926 | D:2      | Reached XP level 4. HP: 40/40 MP: 4/4
  1635 | D:3      | Found a shadowy altar of Dithmenos.
  1705 | D:3      | Found a basalt altar of Yredelemnul.
  1710 | D:3      | Reached skill level 5 in Unarmed Combat
  1723 | D:3      | Reached XP level 5. HP: 31/46 MP: 5/5
  2304 | D:2      | Became a worshipper of Ru the Awakened
  2397 | D:4      | Noticed Robin
  2468 | D:4      | Killed Robin
  2527 | D:4      | Found a staircase to the Ecumenical Temple.
  2603 | D:4      | Reached XP level 6. HP: 30/54 MP: 6/6
  2753 | D:4      | Noticed Sigmund
  2774 | D:4      | Killed Sigmund
  2774 | D:4      | Reached skill level 6 in Unarmed Combat
  3007 | D:4      | Found a hide-covered altar of Uskayaw.
  3023 | D:4      | Reached XP level 7. HP: 49/61 MP: 7/7
  3414 | D:5      | Entered Level 5 of the Dungeon
  3417 | D:5      | Noticed Pikel
  3480 | D:4      | Killed Pikel
  3480 | D:4      | Reached skill level 7 in Unarmed Combat
  3480 | D:4      | Reached XP level 8. HP: 28/68 MP: 8/8
  3600 | D:5      | Found Orihoeny's Armour Shoppe.
  3615 | D:5      | Noticed Blork the orc
  3622 | D:5      | Killed Blork the orc
  3622 | D:5      | Reached skill level 8 in Unarmed Combat
  4296 | D:6      | Reached skill level 9 in Unarmed Combat
  4396 | D:6      | Found a snail-covered altar of Cheibriados.
  4514 | D:6      | Found a runed translucent door.
  4515 | D:6      | Noticed Crazy Yiuf
  4551 | D:6      | Found a shimmering blue altar of Sif Muna.
  4682 | D:7      | Reached XP level 9. HP: 68/75 MP: 9/9
  4891 | D:7      | Noticed Prince Ribbit
  4892 | D:7      | Noticed Duvessa
  4895 | D:7      | Noticed Dowan
  5011 | D:6      | Reached skill level 5 in Transmutations
  5068 | D:6      | HP: 3/75 [Prince Ribbit (7)]
  5069 | D:6      | HP: 1/75 [Prince Ribbit (2)]
  5071 | D:6      | Mangled by Prince Ribbit

Illustrated notes

Levels and vault maps discovered:
D:1:      saegor_arrival_fortress, layout_loops_ring, st_stairs_13,
          chequers_serial_rivers_micro_c, minmay_misc_feat_roman
D:2:      layout_basic, nicolae_ru_great_annihilating_truth
D:3:      layout_loops_ring, old_standard_altar, dk_noncrumbling_2,
          yredelemnul_altar_generic
D:4:      minmay_wonky_spiral, layout_layer_cave, lemuel_round_altar,
          minmay_temple_entry_waves, uniq_sigmund, uniq_robin
D:5:      layout_rooms, serial_shops, shop, hangedman_decor_points, uniq_pikel,
          uniq_blork_the_orc
D:6:      layout_basic, marbit_many_paths, serial_glass, glass_columns_b,
          glass_columns_b, led_sif_book, uniq_crazy_yiuf_cottage
D:7:      layout_loops_ring, minmay_overflow_temple_star_quad,
          old_standard_altar, uniq_duvessa, uniq_menkaure, uniq_harold,
          uniq_prince_ribbit1

Skill      XL: |  1  2  3  4  5  6  7  8  9 |
---------------+----------------------------+-----
Unarmed Combat | 4 5 6 7 9 |  9.7
Transmutations | 2 3 4 5 |  5.0
Dodging        | 2 3 4 |  4.7
Fighting       | |  0.7
Spellcasting   | |  1.2

Action                   |  1- 3 |  4- 6 |  7- 9 || total
-------------------------+-------+-------+-------++-------
Melee: Unarmed           |    73 |   191 |   201 ||   465
       Punch             |     2 |     6 |     6 ||    14
Invok: Reject Sacrifices |       |     1 |       ||     1
  Use: Potion            |       |       |     7 ||     7
       Scroll            |       |       |     8 ||     8
 Stab: Paralysed         |       |     1 |       ||     1
Armor: Robe              |    39 |    76 |    70 ||   185
       Skin              |       |       |     8 ||     8
Dodge: Dodged            |    42 |    92 |   115 ||   249

Table legend: (Time is in decaauts)
 A = Elapsed time spent in this place.
 B = Non-inter-level travel time spent in this place.
 C = Inter-level travel time spent in this place.
 D = Time resting spent in this place.
 E = Time spent auto-exploring this place.
 F = Levels seen in this place.
 G = Mean time per level.
                   A        B        C        D        E       F      G
               +--------+--------+--------+--------+--------+-----+--------+
         Total |   5021 |   4817 |    204 |    325 |   3580 |   7 |  717.3 |
       Dungeon |   5021 |   4817 |    204 |    325 |   3580 |   7 |  717.3 |
               +--------+--------+--------+--------+--------+-----+--------+

Top non-repeatable levels by time:
     D:4: 1205 daAuts
     D:3: 828 daAuts
     D:6: 819 daAuts
     D:2: 762 daAuts
     D:1: 747 daAuts
     D:5: 389 daAuts
     D:7: 268 daAuts
